 Dungeon Crawl Stone Soup version 0.20-a0-924-gfa95efa (webtiles) character file.

45 Rrauwl the Slasher (level 3, -2/30 HPs)
             Began as a Barachi Monk on Mar 27, 2017.
             Slain by Sigmund
             ... wielding a +0 scythe
              (6 damage)
             ... on level 2 of the Dungeon.
             The game lasted 00:05:53 (736 turns).

Rrauwl the Slasher (Barachi Monk)                    Turns: 736, Time: 00:05:54

Health: -2/30      AC:  9    Str: 12    XL:     3   Next: 64%
Magic:  3/3        EV: 14    Int: 11    God:
Gold:   70         SH:  0    Dex: 14    Spells: 2/2 levels left

rFire    . . .     SeeInvis .   a - +0 falchion
rCold    . . .     Gourm    .   (no shield)
rNeg     . . .     Faith    .   b - +1 robe
rPois    .         Spirit   .   (helmet restricted)
rElec    .         Reflect  .   (no cloak)
rCorr    .         Harm     .   (no gloves)
MR       .....                  (no boots)
Stlth    ++........             (no amulet)
Regen    0.1/turn               e - +4 ring of protection
MPRegen  0.1/turn               (no ring)

@: can't hop, slow
A: +LOS, swims, horns 1, slimy green scales 1, slowness 1, sturdy frame 1,
strong legs 1
a: Hop


You were on level 2 of the Dungeon.
You were not hungry.

You visited 1 branch of the dungeon, and saw 2 of its levels.

You collected 70 gold pieces.

Inventory:

Hand Weapons
 a - a +0 falchion (weapon)
Armour
 b - a +1 robe (worn)
Jewellery
 e - a +4 ring of protection (left hand)
Scrolls
 i - 3 scrolls of identify
Potions
 k - 3 potions of magic
Comestibles
 c - 2 bread rations
 d - 5 chunks of flesh
 j - a meat ration


   Skills:
 - Level 4.0 Fighting
 + Level 4.2 Long Blades
 + Level 1.2 Armour
 + Level 3.7 Dodging
 - Level 2.1 Stealth


You had 2 spell levels left.
You didn't know any spells.

Dungeon Overview and Level Annotations

Branches:
Dungeon (2/15)

Altars:

Annotations:
D:2 Sigmund


Innate Abilities, Weirdness & Mutations

Shadows flee at your approach. (+LOS)
You can swim through water.
You cover ground slowly.
You can hop short distances.
You have a pair of small horns on your head.
You are partially covered in slimy green scales. (AC +2)
Your movements are slightly less encumbered by armour. (ER -2)


Message History

Reactivating autopickup.
Sigmund mumbles some strange words.
Sigmund flickers and vanishes!
Deactivating autopickup; reactivate with Ctrl-A.
The ooze hits you but does no damage.
The quokka bites you but does no damage.
The hobgoblin misses you.
You riposte.
You barely miss the hobgoblin. You headbutt the hobgoblin.
The hobgoblin is heavily wounded.
You barely miss the hobgoblin.
The hobgoblin is heavily wounded.
The quokka closely misses you.
You riposte.
You barely miss the quokka.
The quokka is lightly wounded.
The ooze completely misses you.
The hobgoblin hits you but does no damage.
You closely miss the hobgoblin. You headbutt the hobgoblin.
The hobgoblin is almost dead.
The quokka bites you but does no damage.
Something hits you.
You die...

#.........#,* *....#...###...
..........#,* *....#........#
..#########.* *##....#........#
..# #.#####...............# ..#
###................#....#
..#****##.............######....#
..#,,,,...............#..){r.....
#.#,***#.........r...##r####.....
..#,* *#.......g@....##.# #####.
#.#,* *.........Jr...##.# *.
#.#,* *...........#####.# *.
#.#,* *...........# #.# ** #.#,*
*##.........#####.# * .,*,*
#....#..........r# * ##*,*
#.##.#.########### ,,,,* #,*#*#.*
***** *,*,,..*


You could see an ooze, 2 quokkas and a hobgoblin.

Vanquished Creatures
  An ooze (D:1)
  2 worms (D:2)
  2 leopard geckos (D:1)
  2 giant cockroaches (D:1)
  5 goblins (D:1)
  3 hobgoblins
  A quokka (D:2)
  A ball python (D:1)
  4 bats
  3 frilled lizards
  6 kobolds
  A rat (D:2)
31 creatures vanquished.

Notes
Turn   | Place    | Note
-------+----------+-------------------------------------------
     0 | D:1      | Rrauwl the Barachi Monk began the quest for the Orb.
     0 | D:1      | Reached XP level 1. HP: 18/18 MP: 1/1
    85 | D:1      | Reached XP level 2. HP: 19/25 MP: 2/2
   233 | D:1      | Reached skill level 1 in Armour
   301 | D:1      | Reached XP level 3. HP: 30/30 MP: 3/3
   682 | D:2      | Noticed Sigmund
   685 | D:2      | Gained mutation: Your movements are slightly less encumbered by armour. (ER -2) [potion of mutation]
   685 | D:2      | Gained mutation: You are partially covered in slimy green scales. (AC +2) [potion of mutation]
   685 | D:2      | Gained mutation: You have a pair of small horns on your head. [potion of mutation]
   736 | D:2      | Slain by Sigmund

Vault maps used:
D:1:      elethiomel_arrival_shortcut
D:2:      guppyfry_early_orc_mine, uniq_sigmund

Skill      XL: |  1  2 |
---------------+-------+-----
Stealth        | 2 |  2.1
Armour         | 1 |  1.2
Fighting       | 4 |  4.0
Long Blades    | 4 |  4.2
Dodging        | |  3.7

Action                   || total
-------------------------++-------
Melee: Falchion          ||   129
       Headbutt          ||     5
 Abil: Hop               ||     2
  Use: Scroll            ||     4
       Potion            ||     1
 Stab: Sleeping          ||     3
Armor: Robe              ||    56
Dodge: Dodged            ||   120
       Rpst.: Falchion   ||    40
